 Dungeon Crawl Stone Soup version 0.29.1-15-g9cfb28693d (console) character file.

Game seed: 2441541361602007989

5 sentinel the Digger (level 2, 20/20 HPs)
             Began as a Meteoran Earth Elementalist on Sept 11, 2023.
             Was a Follower of Makhleb.
             Quit the game on level 1 of the Dungeon.
             The game lasted 00:00:11 (149 turns).

sentinel the Digger (Meteoran Earth Elementalist)    Turns: 149, Time: 00:00:11

Health: 20/20      AC:  2    Str:  9    XL:     2   Next: 5%
Magic:  6/6        EV: 12    Int: 16    God:    Makhleb [*.....]
Gold:   0          SH:  0    Dex: 14    Spells: 5/6 levels left

rFire   . . .      SeeInvis .   (no weapon)
rCold   . . .      Faith    .   (no shield)
rNeg    . . .      Spirit   .   a - +0 robe
rPois   .          Reflect  .   (no helmet)
rElec   .          Harm     .   (no cloak)
rCorr   .          Rampage  .   (no gloves)
Will    .....                   (no boots)
Stlth   +.........              (no amulet)
HPRegen 0.06/turn               (no ring)
MPRegen 0.10/turn               (no ring)

@: glowing
A: sense surroundings 1, otherworldly, glowing, explore regen
a: Renounce Religion


You were on level 1 of the Dungeon.
You worshipped Makhleb.
Makhleb was aware of your devotion.
You visited 1 branch of the dungeon, and saw 1 of its levels.

Inventory:

Armour
 a - a +0 robe (worn)
Potions
 b - a potion of magic


   Skills:
 - Level 2.4 Dodging
 - Level 1.4 Stealth
 - Level 2.6 Spellcasting
 - Level 1.2 Transmutations
 + Level 4.1 Earth Magic


You had 5 spell levels left.
You knew the following spells:

 Your Spells              Type           Power      Damage    Failure   Level
a - Sandblast             Erth           30%        2d9       3%          1

Your spell library contained the following spells:

 Spells                   Type           Power      Damage    Failure   Level
 Passwall                 Tmut/Erth      8%         N/A       10%         2
 Stone Arrow              Conj/Erth      16%        3d8       26%         3
 Petrify                  Tmut/Erth      10%        N/A       54%         4


Dungeon Overview and Level Annotations

Branches:
Dungeon (1/15) Zot: 448

Altars:
Makhleb


Innate Abilities, Weirdness & Mutations

You passively map a small area around you.
You are easily found by Zot.
You glow in the dark.
You regain HP and MP as you explore.


Message History

You kill the bat!
The kobold throws a stone.
The stone closely misses you.
Unknown command.
You miscast Sandblast.
You are very lightly contaminated with residual magic.
Nothing appears to happen.
The frilled lizard bites you but does no damage.
The blast of sand hits the frilled lizard.
You kill the frilled lizard!
The kobold hits you with a +0 dagger.
Unknown command.
The blast of sand hits the kobold!
You kill the kobold!
Your Earth Magic skill increases to level 4!
Unknown command.
You can't see any susceptible monsters within range! (Use Z to cast anyway.) Unknown command.
You can't see any susceptible monsters within range! (Use Z to cast anyway.) Unknown command.
No target in view!
No target in view!
You can't see any susceptible monsters within range! (Use Z to cast anyway.) Unknown command.
You can't see any susceptible monsters within range! (Use Z to cast anyway.) Unknown command.
You can't see any susceptible monsters within range! (Use Z to cast anyway.) Unknown command.
You can't see any susceptible monsters within range! (Use Z to cast anyway.) Unknown command.
You start waiting.
Your magical contamination has completely faded away.
Unknown command.
HP restored.
c - a scroll labelled YTULUG ZYABU Unknown command.
You see here a bat corpse.
Magic restored.
Found a faded altar of an unknown god.
Unknown command.
A quokka comes into view.
Unknown command.
Search for what [? for help]? faded
Found a stone staircase leading down.
A quokka is nearby!
You can't go down here!
A quokka is nearby!
Unknown command.
But you're not safe!
Unknown command.
The blast of sand hits the quokka!
You kill the quokka!
You have reached level 2!
No target in view!
Unknown command.
You can't go down here!
Unknown command.
You can't see any susceptible monsters within range! (Use Z to cast anyway.) Unknown command.
You can't see any susceptible monsters within range! (Use Z to cast anyway.) Unknown command.
You can't see any susceptible monsters within range! (Use Z to cast anyway.) Unknown command.
You can't see any susceptible monsters within range! (Use Z to cast anyway.) Unknown command.
No target in view!
No target in view!
Search for what [Enter for "faded", or ? for help]? faded
There is a faded altar of an unknown god here.
You cannot tell which god this altar belongs to.
Convert to them anyway?
Makhleb accepts your prayer! Makhleb welcomes you!
You can now gain health from killing.
You can't see any susceptible monsters within range! (Use Z to cast anyway.) Unknown command.
Press < or > to pray at altars.
You can't see any susceptible monsters within range! (Use Z to cast anyway.) Unknown command.
Press < or > to pray at altars.
You can't see any susceptible monsters within range! (Use Z to cast anyway.) Unknown command.
Press < or > to pray at altars.
You can't see any susceptible monsters within range! (Use Z to cast anyway.) Unknown command.
Press < or > to pray at altars.
No target in view!
No target in view!
Search for what [Enter for "faded", or ? for help]? faded Can't find anything matching that.
Really renounce your faith, foregoing its fabulous benefits? [Y]es or [N]o only, please.
Really renounce your faith, foregoing its fabulous benefits?
Are you sure?
Okay, then.
You can't see any susceptible monsters within range! (Use Z to cast anyway.) Unknown command.
Press < or > to pray at altars.
You can't see any susceptible monsters within range! (Use Z to cast anyway.) Unknown command.
Press < or > to pray at altars.
You can't see any susceptible monsters within range! (Use Z to cast anyway.) Unknown command.
Press < or > to pray at altars.
You can't see any susceptible monsters within range! (Use Z to cast anyway.) Unknown command.
Press < or > to pray at altars.
Magic restored.
d - a scroll labelled KINEWO DENUYJAOBB Unknown command.
There is a stone staircase leading down here.
You see here a quokka corpse.
There is a burning altar of Makhleb here.
A ball python comes into view.
Unknown command.
But you're not safe!
Unknown command.
But you're not safe!
Unknown command.
But you're not safe!
Unknown command.
Unknown command.
As you read the scroll labelled YTULUG ZYABU, it crumbles to dust.
It is a scroll of identify.
Really abort (and waste the scroll)? [Y]es or [N]o only, please.
Really abort (and waste the scroll)? [Y]es or [N]o only, please.
Really abort (and waste the scroll)? [Y]es or [N]o only, please.
Really abort (and waste the scroll)?
Okay, then.
Unknown command.
As you read the scroll labelled KINEWO DENUYJAOBB, it crumbles to dust.
It is a scroll of enchant weapon.
You aren't carrying any weapons that can be enchanted.
The ball python closely misses you. x2
A ball python is nearby!
Unknown command.
You aren't carrying any scrolls.
Unknown command.
Unknown command.
A ball python is nearby!
Unknown command.
You aren't carrying any scrolls.
Unknown command.
Unknown command.
A ball python is nearby!
Unknown command.
Unknown command.
Unknown command.
Are you sure you want to abandon this character and quit the game? (Confirm with "yes".)

....#####....†........#
*
....)####†............#
....$.....)...........+
#8.8.####.............#
##.#.## #.............#
.#.#..########.........
...##...$...#########.#
, ...####.......#####
.# ...# #.........@.# ,
.#.# #.......###S.#*
##.# ######### #.# #.#
... , , #.# * ,, ,... *
##.# , , ....., * ...#
,.... * #### * *#### ,
,


You could see a ball python.

Vanquished Creatures
  A hobgoblin (D:1)
  A quokka (D:1)
  2 bats (D:1)
  A frilled lizard (D:1)
  A kobold (D:1)
6 creatures vanquished.

Notes
Turn   | Place    | Note
-------+----------+-------------------------------------------
     0 | D:1      | sentinel the Meteoran Earth Elementalist began the quest
                  | for the Orb.
     0 | D:1      | Reached XP level 1. HP: 14/14 MP: 5/5
    28 | D:1      | Reached skill level 4 in Earth Magic
    59 | D:1      | Found a faded altar of an unknown god.
    65 | D:1      | Reached XP level 2. HP: 20/20 MP: 4/6
    71 | D:1      | Prayed at the altar of an unknown god.
    71 | D:1      | Became a worshipper of Makhleb the Destroyer
    71 | D:1      | Reached * piety under Makhleb
   149 | D:1      | Quit the game

Illustrated notes

Levels and vault maps discovered:
D:1:      psy_arrival_basics, layout_basic, basic_ecumenical_altar

Skill      XL: |  1 |
---------------+----+-----
Earth Magic    | 4 |  4.1
Dodging        | |  2.4
Stealth        | |  1.4
Spellcasting   | |  2.6
Transmutations | |  1.2

Action                   || total
-------------------------++-------
 Cast: Sandblast         ||     6
  Use: Scroll            ||     2
Armor: Robe              ||     1
Dodge: Dodged            ||     4
